 Dungeon Crawl Stone Soup version 0.30.0-10-gfe55d96785 (webtiles) character file.

Game seed: 1417997951866545443

49 monsoonserge the Charlatan (level 3, -3/10 (20) HPs)
             Began as a Deep Elf Artificer on May 15, 2023.
             Was a Believer of Vehumet.
             Slain by a quokka (4 damage)
             ... on level 3 of the Dungeon.
             The game lasted 00:08:19 (1546 turns).

monsoonserge the Charlatan (Deep Elf Artificer)     Turns: 1546, Time: 00:08:20

HP:   -3/10 (20)    AC:  6    Str:  9    XL:     3   Next: 51%
MP:   5/6           EV: 12    Int: 15    God:    Vehumet [**....]
Gold: 173           SH:  0    Dex: 17    Spells: 2/3 levels left

rFire   . . .        k - +0 short sword
rCold   . . .        (no shield)
rNeg    . . .        b - +0 leather armour
rPois   .            (no helmet)
rElec   .            (no cloak)
rCorr   .            r - +2 pair of gloves
SInv    .            (no boots)
Will    .....        (no amulet)
Stlth   ++           (no ring)
HPRegen 0.21/turn    (no ring)
MPRegen 0.10/turn

%: no passive effects
@: extremely drained
A: no striking features
a: Renounce Religion


You were on level 3 of the Dungeon.
You worshipped Vehumet.
Vehumet was pleased with you.
You visited 1 branch of the dungeon, and saw 3 of its levels.

You collected 173 gold pieces.

Inventory:

Hand Weapons
 g - a +0 dagger
 k - a +0 short sword (weapon)
Missiles
 n - 6 stones
Armour
 b - a +0 leather armour (worn)
 l - a +0 ring mail
 r - a +2 pair of gloves (worn)
Wands
 c - a wand of flame (15) (quivered)
 d - a wand of charming (15)
 e - a wand of iceblast (5)
Scrolls
 a - a scroll of enchant weapon {unknown}
 h - 2 scrolls of poison {unknown}
 o - a scroll of identify {unknown}
 s - a scroll of summoning {unknown}
 t - a scroll of blinking {unknown}
Potions
 f - 3 potions of curing {unknown}
 i - 2 potions of heal wounds {unknown}
 j - a potion of haste {unknown}
 m - a potion of berserk rage {unknown}
 p - 3 potions of lignification {unknown}
 q - a potion of brilliance {unknown}


   Skills:
 + Level 1.0 Fighting
 + Level 0.5 Short Blades
 + Level 1.1 Armour
 + Level 2.9 Dodging
 + Level 1.3 Stealth
 * Level 0.7 Spellcasting
 * Level 0.9 Conjurations
 * Level 1.3 Necromancy
 + Level 3.7 Evocations


You had 2 spell levels left.
You knew the following spells:

 Your Spells              Type           Power      Damage    Failure   Level
a - Kiss of Death         Conj/Necr      12%        2d6       22%         1

Your spell library contained the following spells:

 Spells                   Type           Power      Damage    Failure   Level
 Freeze                   Ice            0%         1d3       34%         1
 Slow                     Hex            0%         N/A       34%         1
 Ensorcelled Hibernation  Hex/Ice        0%         N/A       45%         2
 Vampiric Draining        Necr           4%         2d6       52%         3
 Confusing Touch          Hex            0%         N/A       71%         3
 Spider Form              Tmut/Pois      0%         N/A       71%         3
 Anguish                  Hex/Necr       1%         N/A       95%         4


Dungeon Overview and Level Annotations

Branches:
Dungeon (3/15)

Altars:
Vehumet

Annotations:
D:3 Grinder


Message History

The hobgoblin is almost dead.
The hobgoblin closely misses you.
Grinder grins, showing sharp teeth.
The adder closely misses you.
You hit the hobgoblin.
You kill the hobgoblin!
Vehumet accepts your kill. The bat hits you but does no damage.
The adder barely misses you.
Casting: Kiss of Death (safe; 22% risk of failure)
Confirm with . or Enter, or press ? or * to list all spells.
Okay, then.
Casting: Kiss of Death (safe; 22% risk of failure)
Confirm with . or Enter, or press ? or * to list all spells.
Aiming: Kiss of Death (safe; 22% risk of failure)
Press: ? - help, Shift-Dir - straight line, f - adder
Aim: an adder (100% to hit)
The negative energy hits the adder.
The adder is drained!
The adder is almost dead.
You feel drained. The bat closely misses you. The adder closely misses you.
You hit the adder.
The adder is almost dead.
The adder bites you but does no damage. The bat hits you but does no damage.
The adder misses you.
You hit the adder but do no damage.
The adder is almost dead.
The bat misses you. The quokka closely misses you. Grinder gestures at you.
You resist with significant effort. The adder bites you but does no damage.
Unknown command.
You hit the adder.
You kill the adder!
Vehumet accepts your kill. The bat closely misses you.
The quokka bites you but does no damage.
Grinder gestures at you. Pain shoots through your body!
Ouch! That really hurt!
* * * LOW HITPOINT WARNING * * *
The quokka bites you.
You die...

...# ..# #. ... ..# #...
..# . ..# #... #.# .$ ..#
#...##.### ... ..##
##....#...###....
#..#####................
##.......## #....†......
###.......# #..5@(......
# ##.####..##....r......
# #...# #.....b........ #
###.# ###..####...... #
#.# ##.########.. #
###.######....# .
##...#...#####.#### ##
###........<##
#....###....
.............######.....#


You could see Grinder, a quokka and a bat.

Vanquished Creatures
  An adder (D:3)
  A worm (D:2)
  A dart slug (D:1)
  5 ball pythons
  An endoplasm (D:1)
  2 giant cockroaches
  5 hobgoblins
  3 jackals (D:2)
  4 kobolds
  3 quokkas
  A frilled lizard (D:1)
  5 goblins
  8 rats
40 creatures vanquished.

Notes
Turn   | Place    | Note
-------+----------+-------------------------------------------
     0 | D:1      | monsoonserge the Deep Elf Artificer began the quest for the
                  | Orb.
     0 | D:1      | Reached XP level 1. HP: 11/11 MP: 3/3
    63 | D:1      | Reached skill level 1 in Fighting
   421 | D:1      | Found a faded altar of an unknown god.
   428 | D:1      | Reached XP level 2. HP: 16/16 MP: 4/4
   434 | D:1      | Prayed at the altar of an unknown god.
   434 | D:1      | Became a worshipper of Vehumet
   434 | D:1      | Reached * piety under Vehumet
   434 | D:1      | Offered knowledge of Kiss of Death by Vehumet.
   437 | D:1      | Learned a level 1 spell: Kiss of Death
   988 | D:2      | Reached XP level 3. HP: 8/14 MP: 4/6
  1200 | D:2      | Offered knowledge of Freeze by Vehumet.
  1201 | D:2      | Reached skill level 1 in Necromancy
  1231 | D:2      | Reached ** piety under Vehumet
  1232 | D:2      | Reached skill level 1 in Armour
  1535 | D:3      | Noticed Grinder
  1546 | D:3      | Slain by a quokka

Illustrated notes

Levels and vault maps discovered:
D:1:      lightli_molten_gateway, layout_basic, ebering_ecumenical_altar_rust,
          hex_medium
D:2:      layout_rooms
D:3:      layout_rooms, kennysheep_jessica_study, uniq_terence, uniq_robin,
          uniq_grinder

Skill      XL: |  1  2  3 |
---------------+----------+-----
Fighting       | 1 |  1.0
Necromancy     | 1 |  1.3
Armour         | 1 |  1.1
Short Blades   | |  0.5
Dodging        | |  2.9
Stealth        | |  1.3
Spellcasting   | |  0.7
Conjurations   | |  0.9
Evocations     | |  3.7

Action                     || total
---------------------------++-------
  Melee: Club              ||    10
         Dagger            ||    11
         Whip              ||     5
         Punch             ||     1
         Short sword       ||   132
   Cast: Kiss of Death     ||     4
   Stab: Sleeping          ||     1
 Armour: Leather armour    ||    58
  Dodge: Dodged            ||   116
